 Dungeon Crawl Stone Soup version 0.27-a0-1555-g0e7b3fb1d2 (webtiles) character file.

Game seed: 9955024102654812655

32 dickylongcocking the Magician (level 3, 0/25 HPs)
             Began as a Djinni Fire Elementalist on July 14, 2021.
             Slain by a gnoll (6 damage)
             ... on level 2 of the Dungeon.
             The game lasted 00:01:44 (2308 turns).

dickylongcocking the Magician (DjFE)                Turns: 2308, Time: 00:01:44

Health: 0/25       AC:  3    Str:  7    XL:     3   Next: 42%
Gold:   0          EV: 12    Int: 17    God:
                   SH:  5    Dex: 13

rFire    + + +     SeeInvis .   (no weapon)
rCold    x . .     Faith    .   (no shield)
rNeg     . . .     Spirit   .   a - +0 robe
rPois    ∞         Reflect  +   (no helmet)
rElec    .         Harm     .   e - +0 cloak
rCorr    .         Rampage  .   (no gloves)
Will     +....                  (boots unavailable)
Stlth    ++........             k - amulet of reflection
HPRegen  0.08/turn              d - ring of willpower
MPRegen  0.00/turn              m - ring of protection from fire

@: flying, very slightly contaminated
A: sickness immunity, fire resistance 2, cold vulnerability 1, float, innate
caster, hp casting, extra vitality 1
a: no special abilities


You were on level 2 of the Dungeon.
You visited 1 branch of the dungeon, and saw 2 of its levels.

Inventory:

Hand Weapons
 h - a +0 club
 j - a +0 war axe
 l - a +0 quarterstaff
Armour
 a - a +0 robe (worn)
 e - a +0 cloak (worn)
Jewellery
 b - a ring of poison resistance
 d - a ring of willpower (left hand)
 k - an amulet of reflection (around neck)
 m - a ring of protection from fire (right hand)
Scrolls
 f - 2 scrolls of amnesia {unknown}
 g - a scroll of identify {unknown}
Potions
 c - a potion of magic {unknown}
 i - a potion of flight {unknown}


   Skills:
 * Level 0.2 Fighting
 - Level 0.1 Axes
 - Level 2.3 Dodging
 - Level 2.1 Stealth
 * Level 3.0 Spellcasting


You couldn't memorise any spells.
You knew the following spells:

 Your Spells              Type           Power      Damage    Failure   Level
a - Foxfire               Conj/Fire      48%        2x1d6     4%          1
b - Conjure Flame         Conj/Fire      12%        6-21      16%         3
c - Inner Flame           Hex/Fire       12%        N/A       16%         3
d - Sticky Flame          Conj/Fire      12%        2d4       45%         4
e - Fireball              Conj/Fire      6%         3d5       80%         5
f - Corona                Hex            13%        N/A       4%          1
Your spell library was empty.

Dungeon Overview and Level Annotations

Branches:
Dungeon (2/15)

Altars:

Shops:
D:2 !


Innate Abilities, Weirdness & Mutations

You are immune to sickness and miasma.
You are immune to poison.
Your flesh is very heat resistant. (rF++)
You are vulnerable to cold. (rC-)
You float through the air rather than walking.
You learn spells naturally, not from books.
Your magical power is your life essence.
You have superior vitality. (+4 HP)


Message History

You are too injured to fight recklessly!
You are too injured to fight recklessly!
You are too injured to fight recklessly!
You are too injured to fight recklessly!
You are too injured to fight recklessly!
You are too injured to fight recklessly!
You are too injured to fight recklessly!
You are now empty-handed.
Unknown command.
The gnoll completely misses you.
There is a large open door here.
Unknown command.
Casting: Foxfire (safe; 4% risk of failure)
Confirm with . or Enter, or press ? or * to list all spells.
You conjure some foxfire!
The gnoll closely misses you.
Unknown command.
Unknown command.
Unknown command.
Your foxfire dissipates!
The foxfire hits the gnoll.
The gnoll is moderately wounded.
Casting: Foxfire (safe; 4% risk of failure)
Confirm with . or Enter, or press ? or * to list all spells.
You conjure some foxfire!
The gnoll hits you from afar with a +0 spear.
* * * LOW HITPOINT WARNING * * *
Unknown command.
Unknown command.
The foxfire hits the gnoll.
The gnoll is heavily wounded.
The foxfire hits the gnoll.
The gnoll is almost dead.
Casting: Foxfire (safe; 4% risk of failure)
Confirm with . or Enter, or press ? or * to list all spells.
You miscast Foxfire.
You are very lightly contaminated with residual magic.
Nothing appears to happen.
* * * LOW HITPOINT WARNING * * *
The gnoll hits you from afar with a +0 spear.
You die...

#<....<..# ###.# #.#
#.....##...#...# #.#
##########....>.#<#.######.##
#≈≈≈≈≈≈≈≈#....#.#............
#≈....[.≈#....(.###.######.#.
#≈..≈≈..≈#...........# #.#.
#≈.≈≈≈≈..'.§#######..# #.#.
#≈.≈≈≈≈..'...######..# #.#.
#≈..≈≈.$≈#g.@........#####...
#≈.$....≈###.######..........
#≈≈≈≈≈≈≈≈# #.# ##.#######.
########## #.# #.# #. #.# #.#
#. #.#######.# #. #.........#
#. ########..# #. #..# #.


You could see a gnoll.

Vanquished Creatures
  4 bats
  An endoplasm (D:2)
  3 goblins
  6 hobgoblins
  2 jackals (D:1)
  4 kobolds
  A quokka (D:1)
  2 ball pythons (D:1)
  A frilled lizard (D:1)
  5 rats
29 creatures vanquished.

Vanquished Creatures (others)
  76 foxfires
76 creatures vanquished.

Grand Total: 105 creatures vanquished

Notes
Turn   | Place    | Note
-------+----------+-------------------------------------------
     0 | D:1      | dickylongcocking the Djinni Fire Elementalist began the
                  | quest for the Orb.
     0 | D:1      | Reached XP level 1. HP: 15/15 MP: 0/0
   301 | D:1      | Reached XP level 2. HP: 18/21 MP: 0/0
   375 | D:1      | Found a faded altar of an unknown god.
  1617 | D:2      | Reached XP level 3. HP: 24/25 MP: 0/0
  1617 | D:2      | Learned a level 1 spell: Corona
  1652 | D:2      | Found Xatahyos's Distillery.
  1720 | D:2      | HP: 1/25 [hobgoblin (1)]
  2117 | D:2      | Reached skill level 3 in Spellcasting
  2308 | D:2      | Slain by a gnoll

Illustrated notes

Levels and vault maps discovered:
D:1:      wheals_arrival_shading, layout_loops_ring,
          ebering_ecumenical_altar_ruins
D:2:      layout_loops_ring, serial_shops, shop, minivault_19,
          minmay_misc_feat_iff, kennysheep_generic_room_6

Skill      XL: |  1  2  3 |
---------------+----------+-----
Stealth        | 2 |  2.1
Spellcasting   | 3 |  3.0
Fighting       | |  0.2
Axes           | |  0.1
Dodging        | |  2.3

Action                   || total
-------------------------++-------
Melee: Unarmed           ||     7
       War axe           ||     6
       Club              ||     1
       Quarterstaff      ||    15
 Cast: Foxfire           ||    61
 Stab: Sleeping          ||     1
Armor: Robe              ||    13
Dodge: Dodged            ||    32
Block: Other             ||     2

Table legend: (Time is in decaauts)
 A = Elapsed time spent in this place.
 B = Non-inter-level travel time spent in this place.
 C = Inter-level travel time spent in this place.
 D = Time resting spent in this place.
 E = Time spent auto-exploring this place.
 F = Levels seen in this place.
 G = Mean time per level.
                   A        B        C        D        E       F      G
               +--------+--------+--------+--------+--------+-----+--------+
         Total |   2312 |   2225 |     87 |    288 |   1664 |   2 | 1156.0 |
       Dungeon |   2312 |   2225 |     87 |    288 |   1664 |   2 | 1156.0 |
               +--------+--------+--------+--------+--------+-----+--------+

Top non-repeatable levels by time:
     D:1: 1431 daAuts
     D:2: 880 daAuts
